 Dungeon Crawl Stone Soup version 0.27.0-1-g7a089689b8 (webtiles) character file.

Game seed: 1385054010699250068

441 oldmanjim the Ducker (level 6, -1/35 HPs)
             Began as a Deep Elf Gladiator on Aug 3, 2021.
             Slain by a hornet zombie (2 damage)
             ... on level 5 of the Dungeon.
             The game lasted 00:28:59 (5288 turns).

oldmanjim the Ducker (Deep Elf Gladiator)           Turns: 5288, Time: 00:29:01

Health: -1/35      AC:  4    Str: 11    XL:     6   Next: 70%
Magic:  12/12      EV: 13    Int: 15    God:
Gold:   135        SH:  0    Dex: 16    Spells: 9/11 levels left

rFire    . . .     SeeInvis .   a - +0 quarterstaff
rCold    . . .     Faith    .   (shield currently unavailable)
rNeg     . . .     Spirit   .   e - +0 leather armour
rPois    .         Reflect  .   c - +0 helmet
rElec    .         Harm     .   (no cloak)
rCorr    .         Rampage  .   (no gloves)
Will     .....                  (no boots)
Stlth    ++........             (no amulet)
HPRegen  0.11/turn              (no ring)
MPRegen  0.13/turn              (no ring)

@: no status effects
A: no striking features
a: no special abilities


You were on level 5 of the Dungeon.
You visited 1 branch of the dungeon, and saw 5 of its levels.

You collected 217 gold pieces.
You spent 82 gold pieces at shops.

Inventory:

Hand Weapons
 a - a +0 quarterstaff (weapon)
 b - a +0 hunting sling
Missiles
 d - 3 throwing nets
 h - 92 stones
 p - 37 sling bullets
 r - 14 poisoned darts (quivered)
Armour
 c - a +0 helmet (worn)
 e - a +0 leather armour (worn)
Wands
 g - a wand of paralysis (9)
Scrolls
 i - 3 scrolls of amnesia
 j - 3 scrolls of teleportation
 k - 3 scrolls of enchant weapon
 n - a scroll of holy word {unknown}
 q - a scroll of fog {unknown}
 s - a scroll of torment {unknown}
Potions
 f - a potion of mutation
 l - 2 potions of curing
 m - a potion of brilliance
 o - a potion of invisibility


   Skills:
 - Level 2.0 Fighting
 + Level 4.8 Staves
 - Level 2.0 Throwing
 - Level 5.0 Dodging
 - Level 4.0 Stealth
 + Level 3.1 Spellcasting
 + Level 2.5 Translocations


You had 9 spell levels left.
You knew the following spells:

 Your Spells              Type           Power      Damage    Failure   Level
a - Blink                 Tloc           N/A        N/A       14%         2

Your spell library contained the following spells:

 Spells                   Type           Power      Damage    Failure   Level
 Apportation              Tloc           20%        N/A       9%          1
 Borgnjor's Vile Clutch   Necr/Erth      1%         N/A       100%        5
 Dispersal                Tloc           5%         N/A       100%        6


Dungeon Overview and Level Annotations

Branches:
Dungeon (5/15)
 Temple: D:4-7

Altars:

Shops:
D:2 *?=*

Annotations:
D:3 1 runed translucent door, exclusion: door, Crazy Yiuf
D:4 Dowan, Grinder, Menkaure


Message History

You start resting.
HP restored.
Found a scale mail.
b - a +0 hunting sling (weapon)
A hornet zombie comes into view.
The hornet zombie moves out of view.
p - 40 sling bullets (gained 1)
You shoot a sling bullet.
The sling bullet barely misses the hornet zombie.
You shoot a sling bullet.
The sling bullet hits the hornet zombie.
The hornet zombie is lightly damaged.
You shoot a sling bullet.
The sling bullet closely misses the hornet zombie.
a - a +0 quarterstaff (weapon)
A water moccasin skeleton comes into view.
The hornet zombie hits you! The hornet zombie closely misses you.
You see here a sling bullet.
You hit the hornet zombie.
The hornet zombie is moderately damaged.
The hornet zombie hits you!
You are too injured to fight recklessly!
You barely miss the hornet zombie.
The hornet zombie is moderately damaged.
The hornet zombie hits you.
You hit the hornet zombie.
The hornet zombie is moderately damaged.
The hornet zombie hits you.
* * * LOW HITPOINT WARNING * * *
The hornet zombie closely misses you.
You hit the hornet zombie.
The hornet zombie is heavily damaged.
The hornet zombie barely misses you.
You hit the hornet zombie but do no damage.
The hornet zombie is heavily damaged.
The hornet zombie hits you!
* * * LOW HITPOINT WARNING * * *
The water moccasin skeleton closely misses you.
The hornet zombie hits you.
You die...

...... .# .((.. .
....##. ([...#
....# #...#####.
########ZZ.......
#.)...##.@.......
#.###.##.........
#.#<#.##.........
#.#.#[##.......##
#.#.#.##...###.###
#.#.#.##.#...#.รท.#
#.#.#.##.#.#.# #.#
#.#)#.##.#.#.# #.#
#.#)#.##.#.#.# #.#


You could see a hornet zombie and a water moccasin skeleton.

Vanquished Creatures
  A black bear (D:4)
  A scorpion (D:4)
  2 orc priests
  A hound (D:4)
  An orc wizard (D:5)
  A hound skeleton (D:4)
  6 adders
  2 worms
  An adder skeleton (D:4)
  6 dart slugs
  9 orcs
  7 ball pythons
  7 endoplasms
  A giant cockroach (D:2)
  4 goblins
  6 hobgoblins
  4 jackals (D:3)
  6 kobolds
  4 quokkas
  8 bats
  7 rats
85 creatures vanquished.

Notes
Turn   | Place    | Note
-------+----------+-------------------------------------------
     0 | D:1      | oldmanjim the Deep Elf Gladiator began the quest for the
                  | Orb.
     0 | D:1      | Reached XP level 1. HP: 12/12 MP: 3/3
   376 | D:1      | Reached XP level 2. HP: 17/17 MP: 4/4
   393 | D:1      | Reached skill level 1 in Stealth
   583 | D:1      | Reached skill level 4 in Dodging
   744 | D:1      | Reached XP level 3. HP: 20/21 MP: 5/5
  1024 | D:2      | Found Siolunuc's Magic Scroll Shoppe.
  1032 | D:2      | Bought a scroll of enchant weapon for 82 gold pieces
  1032 | D:2      | Found Xacza's Jewellery Shop.
  1036 | D:2      | Found Zuosyam's Assorted Antiques.
  1226 | D:2      | Found Moyng's Assorted Antiques.
  1698 | D:3      | Reached XP level 4. HP: 20/26 MP: 6/6
  2419 | D:3      | Got the Almanac of Clay and the Compass
  2423 | D:3      | Learned a level 2 spell: Blink
  2519 | D:3      | Found a runed translucent door.
  2520 | D:3      | Noticed Crazy Yiuf
  2591 | D:4      | Noticed Dowan
  2983 | D:4      | Reached XP level 5. HP: 24/30 MP: 6/8
  3125 | D:4      | Reached skill level 1 in Spellcasting
  3134 | D:4      | Reached skill level 5 in Dodging
  3200 | D:4      | Reached skill level 1 in Translocations
  3372 | D:4      | Noticed a black bear
  3454 | D:4      | Noticed Menkaure
  3459 | D:4      | Killed a black bear
  3460 | D:4      | Reached XP level 6. HP: 15/35 MP: 9/11
  4021 | D:4      | Noticed Grinder
  4230 | D:2      | Found Zuosyam's Assorted Antiques.
  4236 | D:2      | Found Xacza's Jewellery Shop.
  4254 | D:2      | Found Siolunuc's Magic Scroll Shoppe.
  4407 | D:2      | Found Moyng's Assorted Antiques.
  4696 | D:5      | Entered Level 5 of the Dungeon
  5288 | D:5      | HP: 1/35 [hornet zombie (7)]
  5288 | D:5      | Slain by a hornet zombie

Illustrated notes

Levels and vault maps discovered:
D:1:      ncdulo_smallfort, layout_rooms, glass_columns_a, minmay_3d_cube
D:2:      layout_basic, serial_shops, shop, nicolae_shop_window_shopping,
          nicolae_shop_temple_entry_statues_fountains, shop
D:3:      wad_pebble_path, layout_basic, minmay_pentomino_pile,
          uniq_crazy_yiuf_cottage
D:4:      layout_basic, uniq_duvessa, uniq_grinder, uniq_menkaure
D:5:      layout_basic, gammafunk_ghost_hive, uniq_ijyb

Skill      XL: |  1  2  3  4  5  6 |
---------------+-------------------+-----
Stealth        | 1 2 3 4 |  4.0
Fighting       | 2 |  2.0
Dodging        | 4 5 |  5.0
Spellcasting   | 2 3 |  3.1
Staves         | 4 |  4.8
Translocations | 1 2 |  2.5
Throwing       | |  2.0

Action                   |  1- 3 |  4- 6 || total
-------------------------+-------+-------++-------
Melee: Quarterstaff      |    55 |   108 ||   163
 Fire: Hunting sling     |    77 |    90 ||   167
Throw: Dart              |       |     6 ||     6
 Cast: Blink             |       |     1 ||     1
Evoke: Wand              |       |     2 ||     2
  Use: Scroll            |       |     6 ||     6
 Stab: Paralysed         |       |     3 ||     3
Armor: Leather armour    |    23 |    34 ||    57
Dodge: Dodged            |    43 |    66 ||   109
